 Dungeon Crawl Stone Soup version 0.29-a0-319-gad05b8d819 (webtiles) character file.

Game seed: 11660900121696869490

16 Morbidden the Skirmisher (level 2, 24/24 HPs)
             Began as a Demonspawn Fighter on Apr 2, 2022.
             Quit the game on level 1 of the Dungeon.
             The game lasted 00:00:28 (728 turns).

Morbidden the Skirmisher (Demonspawn Fighter)        Turns: 728, Time: 00:00:28

Health: 24/24      AC:  6    Str: 16    XL:     2   Next: 37%
Magic:  2/2        EV:  9    Int:  9    God:
Gold:   29         SH:  4    Dex: 12    Spells: 1/1 levels left

rFire   . . .      SeeInvis .   a - +0 long sword
rCold   . . .      Faith    .   c - +0 buckler
rNeg    . . .      Spirit   .   b - +0 scale mail
rPois   .          Reflect  .   (no helmet)
rElec   .          Harm     .   (no cloak)
rCorr   .          Rampage  .   (no gloves)
Will    .....                   (no boots)
Stlth   ..........              (no amulet)
HPRegen 0.08/turn               (no ring)
MPRegen 0.08/turn               (no ring)

@: no status effects
A: foul stench 1
a: no special abilities


You were on level 1 of the Dungeon.
You visited 1 branch of the dungeon, and saw 1 of its levels.

You collected 29 gold pieces.

Inventory:

Hand Weapons
 a - a +0 long sword (weapon)
Armour
 b - a +0 scale mail (worn)
 c - a +0 buckler (worn)
Scrolls
 f - a scroll of identify {unknown}
 g - a scroll of noise {unknown}
Potions
 d - a potion of might
 e - a potion of lignification {unknown}
 h - a potion of brilliance {unknown}


   Skills:
 * Level 3.3 Fighting
 * Level 2.0 Long Blades
 + Level 2.8 Armour
 * Level 0.4 Dodging
 + Level 2.7 Shields


You had one spell level left.
You didn't know any spells.
Your spell library was empty.

Dungeon Overview and Level Annotations

Branches:
Dungeon (1/15)

Altars:


Innate Abilities, Weirdness & Mutations

You may rarely emit foul miasma when damaged in melee.


Message History

Unknown command.
There are monsters nearby!
You hit the frilled lizard.
You kill the frilled lizard!
The frilled lizard bites you.
You emit a cloud of foul miasma!
The frilled lizard is engulfed in dark miasma.
The frilled lizard is poisoned.
The frilled lizard bites you but does no damage.
The endoplasm hits you.
Unknown command.
Unknown command.
You hit the endoplasm.
The endoplasm is moderately wounded.
The frilled lizard is engulfed in dark miasma.
The frilled lizard looks even sicker.
The frilled lizard seems to slow down.
You kill the frilled lizard!
The endoplasm hits you but does no damage.
Your Long Blades skill increases to level 2!
You hit the endoplasm.
The endoplasm is almost dead.
The endoplasm freezes you.
You are frozen.
You hit the endoplasm but do no damage.
The endoplasm is severely wounded.
The endoplasm hits you but does no damage.
The endoplasm closely misses you.
Unknown command.
You barely miss the endoplasm.
The endoplasm is severely wounded.
You block the endoplasm's attack.
Unknown command.
You hit the endoplasm.
You kill the endoplasm!
Unknown command.
No target in view!
Key pressed, stopping explore.
Unknown command.
No target in view!
h - a fuming sapphire potion Are you sure you want to abandon this character and quit the game? (Confirm with "yes".)

#### #.. # ######## #.# .#
#......############.###.#####
................@.....†>.....
..#†.^.##############.#.#####
..#........##########.# #
..###..##........#....#
...(.........###.#.####.#
.####......#.###........# ..
#.###.##.#..†..#...... .. #.#
#........###.####. .. #.#
#.##.#†#†# .


There were no monsters in sight!

Vanquished Creatures
  2 endoplasms (D:1)
  A giant cockroach (D:1)
  2 hobgoblins (D:1)
  3 kobolds (D:1)
  A ball python (D:1)
  5 frilled lizards (D:1)
  A rat (D:1)
15 creatures vanquished.

Notes
Turn   | Place    | Note
-------+----------+-------------------------------------------
     0 | D:1      | Morbidden the Demonspawn Fighter began the quest for the
                  | Orb.
     0 | D:1      | Reached XP level 1. HP: 18/18 MP: 1/1
   552 | D:1      | Gained mutation: You may rarely emit foul miasma when
                  | damaged in melee. [demonic ancestry]
   552 | D:1      | Reached XP level 2. HP: 22/24 MP: 2/2
   728 | D:1      | Quit the game

Illustrated notes

Levels and vault maps discovered:
D:1:      saegor_arrival_miasma, layout_basic, basic_ecumenical_altar

Skill      XL: |  1  2 |
---------------+-------+-----
Long Blades    | 2 |  2.0
Fighting       | |  3.3
Armour         | |  2.8
Dodging        | |  0.4
Shields        | |  2.7

Action                   || total
-------------------------++-------
Melee: Long sword        ||    40
Armor: Scale mail        ||    21
Dodge: Dodged            ||    21
Block: Buckler           ||     8

Table legend: (Time is in decaauts)
 A = Elapsed time spent in this place.
 B = Non-inter-level travel time spent in this place.
 C = Inter-level travel time spent in this place.
 D = Time resting spent in this place.
 E = Time spent auto-exploring this place.
 F = Levels seen in this place.
 G = Mean time per level.
                   A        B        C        D        E       F      G
               +--------+--------+--------+--------+--------+-----+--------+
         Total |    741 |    741 |      0 |    233 |    411 |   1 |  741.0 |
       Dungeon |    741 |    741 |      0 |    233 |    411 |   1 |  741.0 |
               +--------+--------+--------+--------+--------+-----+--------+

Top non-repeatable levels by time:
     D:1: 741 daAuts
